 Dungeon Crawl Stone Soup version 0.28.0 (webtiles) character file.

Game seed: 13153986266793240291

1242 wakim the Sneak (level 8, 0/52 (55) HPs)
             Began as an Octopode Transmuter on Feb 10, 2022.
             Slain by a wight (17 damage)
             ... on level 5 of the Dungeon.
             The game lasted 00:17:30 (6273 turns).

wakim the Sneak (Octopode Transmuter)               Turns: 6273, Time: 00:17:31

HP:   0/52 (55)     AC:  1    Str: 11    XL:     8   Next: 49%
MP:   11/11         EV: 13    Int: 18    God:
Gold: 643           SH: 10    Dex: 12    Spells: 8/11 levels left

rFire   . . .      SeeInvis .   b - +11 dagger "Murmur" {freeze, rElec Str+2}
rCold   . . .      Faith    .   Y - +0 buckler
rNeg    . . .      Spirit   .   (helmet restricted)
rPois   .          Reflect  +   U - amulet of reflection
rElec   +          Harm     .   (no ring)
rCorr   .          Rampage  .   (no ring)
Will    .....                   (no ring)
Stlth   ++++......              (no ring)
HPRegen 0.17/turn               (no ring)
MPRegen 0.12/turn               (no ring)
                                (no ring)
                                (no ring)

@: drained
A: almost no armour, amphibious, 8 rings, camouflage 1, gelatinous body 1,
(nimble swimmer 1), tentacles
a: no special abilities


You were on level 5 of the Dungeon.
You visited 1 branch of the dungeon, and saw 6 of its levels.

You collected 643 gold pieces.

Inventory:

Hand Weapons
 b - the +11 dagger "Murmur" (weapon) {freeze, rElec Str+2}
   (You found it on level 2 of the Dungeon)

   It freezes those it strikes, dealing additional cold damage.
   It can also slow down cold-blooded creatures.
   Str:       It affects your strength (+2).
   rElec:     It insulates you from electricity.
Missiles
 s - 78 stones (quivered)
Armour
 Y - a +0 buckler (worn)
Jewellery
 U - an amulet of reflection (around mantle)
Wands
 t - a wand of digging (5)
 z - a wand of polymorph (3)
Scrolls
 v - a scroll of amnesia
 T - 5 scrolls of teleportation
Potions
 F - 2 potions of curing
 P - a potion of might {unknown}
 R - a potion of heal wounds {unknown}
 S - a potion of brilliance {unknown}
 X - a potion of flight {unknown}


   Skills:
 + Level 5.1 Fighting
 - Level 3.0 Short Blades
 + Level 3.4 Dodging
 - Level 6.0 Stealth
 - Level 4.0 Shields
 - Level 5.0 Unarmed Combat
 - Level 2.0 Spellcasting
 - Level 2.0 Transmutations


You had 8 spell levels left.
You knew the following spells:

 Your Spells              Type           Power      Damage    Failure   Level
a - Beastly Appendage     Tmut           18%        N/A       10%         1
x - Poisonous Vapours     Pois/Air       2%         N/A       34%         2

Your spell library contained the following spells:

 Spells                   Type           Power      Damage    Failure   Level
 Wereblood                Tmut           9%         N/A       16%         2
 Corpse Rot               Necr/Air       2%         N/A       34%         2
 Spider Form              Tmut/Pois      5%         N/A       41%         3
 Dazzling Flash           Conj/Hex       2%         N/A       56%         3
 Ice Form                 Ice/Tmut       5%         N/A       83%         4
 Iskenderun's Mystic Bla  Conj/Tloc      1%         2d3       92%         4
 Conjure Ball Lightning   Conj/Air       0%         3x3d6     100%        6
 Starburst                Conj/Fire      0%         6d3       100%        6
 Discord                  Hex            0%         N/A       100%        8
 Disjunction              Tloc           0%         N/A       100%        8


Dungeon Overview and Level Annotations

Branches:
Dungeon (6/15)             Temple (0/1) D:6

Altars:


Innate Abilities, Weirdness & Mutations

You cannot wear most types of armour.
You are amphibious.
You can wear up to eight rings at the same time.
Your skin changes colour to match your surroundings (Stealth+).
Your rubbery body absorbs attacks. (AC +1, EV +1)
((You are camouflaged when in or above water. (Stealth+)))
You have tentacles for arms and can constrict up to eight enemies at once.


Message History

HP restored.
You climb downwards.
You hear the sound of rushing water.
There is an entrance to a sewer on this level.
Hurry and find it before the portal rusts away!
You hear the slow rusting of a drain nearby.
There is a stone staircase leading up here.
Casting: Beastly Appendage (safe; 10% risk of failure)
Confirm with . or Enter, or press ? or * to list all spells.
One of your tentacles grows a vicious spike.
A wight comes into view. It is wielding a +0 great sword.
The wight closely misses you.
A wight comes into view. It is wielding a +3 dire flail.
The wight hits you with a +0 trident!
You feel drained.
You closely miss the wight. Your grab misses the wight.
Your tentacle spike misses the wight.
Your squeeze misses the wight. You block the wight's attack.
You hit the wight. You grab the wight.
You pierce the wight.
You squeeze the wight, but do no damage.
The wight is lightly damaged.
You constrict the wight. The wight closely misses you.
You barely miss the wight.
You pierce the wight.
You squeeze the wight.
The wight is severely damaged.
You constrict the wight. The wight barely misses you.
You puncture the wight!
You destroy the wight!
Your transformation is almost over.
You block the wight's attack.
There is a stone staircase leading up here.
The wight hits you with a +3 dire flail!!
* * * LOW HITPOINT WARNING * * *
You feel drained.
* * * LOW HITPOINT WARNING * * *
You climb upwards.
There is a stone staircase leading down here.
The wight barely misses you.
Your tentacle spike disappears.
You closely miss the wight. Your grab misses the wight. You squeeze the wight!
The wight is severely damaged.
The wight hits you with a +3 dire flail!
You die...

##### #.#.##########
#######.#.....z@...#
#<......#.########.#
#######.#.# #.#
#.#.# #.# ### #.#.#
#.# ..# #.#.# #.#
..######.#.# #.#
..'.......># #.#
..######.###
######.#


You could see a wight.

Vanquished Creatures
  A black bear (D:4)
  An ogre (D:5)
  2 necrophages (D:4)
  A scorpion (D:5)
  A water moccasin zombie (D:5)
  A wight (D:6)
  5 hounds
  3 orc priests
  Jessica (D:2)
  An iguana (D:5)
  Ijyb (D:3)
  4 orc wizards
  A hound zombie (D:3)
  A hound skeleton (D:4)
  7 gnolls
  10 adders
  2 white imps (D:4)
  2 ufetubi (D:5)
  An adder skeleton (D:4)
  A worm (D:2)
  A dart slug (D:1)
  8 orcs
  6 bats
  12 endoplasms
  5 giant cockroaches
  5 hobgoblins
  3 jackals (D:1)
  3 quokkas
  5 ball pythons
  A frilled lizard (D:1)
  10 goblins
  11 kobolds
  9 rats
126 creatures vanquished.

Vanquished Creatures (collateral kills)
  2 orcs (D:3)
2 creatures vanquished.

Grand Total: 128 creatures vanquished

Notes
Turn   | Place    | Note
-------+----------+-------------------------------------------
     0 | D:1      | wakim the Octopode Transmuter began the quest for the Orb.
     0 | D:1      | Reached XP level 1. HP: 13/13 MP: 3/3
   138 | D:1      | Reached skill level 1 in Stealth
   140 | D:1      | Reached XP level 2. HP: 9/18 MP: 1/5
   725 | D:1      | Reached XP level 3. HP: 23/23 MP: 3/6
   738 | D:1      | Reached skill level 2 in Stealth
   912 | D:1      | Found a faded altar of an unknown god.
  1596 | D:2      | Noticed Jessica
  1609 | D:2      | Killed Jessica
  1610 | D:2      | Reached XP level 4. HP: 20/28 MP: 5/7
  1935 | D:2      | Reached skill level 3 in Stealth
  2300 | D:2      | Reached XP level 5. HP: 13/33 MP: 6/8
  2528 | D:2      | Identified the +11 dagger "Murmur" {freeze, rElec Str+2}
  2530 | D:2      | !bestwep
  3183 | D:3      | Noticed Ijyb
  3231 | D:3      | Killed Ijyb
  3232 | D:3      | Reached skill level 4 in Stealth
  3232 | D:3      | Reached skill level 5 in Unarmed Combat
  3582 | D:3      | Reached skill level 5 in Stealth
  3582 | D:3      | Reached XP level 6. HP: 39/39 MP: 9/9
  4171 | D:4      | Noticed a necrophage
  4187 | D:4      | Killed a necrophage
  4188 | D:4      | Reached skill level 1 in Shields
  4203 | D:4      | Noticed a black bear
  4211 | D:4      | Killed a black bear
  4212 | D:4      | Reached skill level 1 in Short Blades
  4212 | D:4      | Reached skill level 6 in Stealth
  4212 | D:4      | Reached XP level 7. HP: 38/45 MP: 8/10
  4221 | D:4      | !bestwep
  4620 | D:4      | !bestwep
  5105 | D:4      | Learned a level 2 spell: Poisonous Vapours
  5403 | D:5      | Entered Level 5 of the Dungeon
  5646 | D:5      | Reached XP level 8. HP: 53/53 MP: 11/11
  5912 | D:5      | Reached skill level 5 in Fighting
  6105 | D:6      | Identified a scroll of acquirement
  6105 | D:6      | Acquired 386 gold pieces
  6273 | D:5      | Slain by a wight

Illustrated notes #####.........# #.......... ########### ###################### ............)........# ..##..[#....####.....# .###...#..(.# ###...# .###..##....###### ..# ......###...)...@# .# .....## #...#....# # ...### #...#....# .#### ##..##...# ....#### #..####.# .......####.. .... .........###. ..... .........$ # ..... .###.####. Turn 2530 on D:2: !bestwep ##### #.... # #.############ #. #.#.......#... #.#####.#.....#.###. #.......#.....#..... #@#####.....##.### #...........##.... ################## # # Turn 4221 on D:4: !bestwep

..# ...# ..#
##########.#
..#######........#.#
.>...............#
.................#
..#####.####.....# #.#
#....#.....# #.#
#.##.....### ..#
#.##......@# ..#
#.##.....### ..#
#.##.#.######## ..#
#.##.#.#......# .# ...
#.##.#)#......#
######.#. #...
#......#......#
#...?.... ##..
####.###......#
#.....#.. ...
#.)........# #........
#####......#####.....#


Turn 4620 on D:4: !bestwep

Levels and vault maps discovered:
D:1:      heliophobic_arrival_glass_houses, layout_basic,
          dreamdust_ecumenical_altar_statues
D:2:      minmay_recursive_quarters, layout_basic, minmay_tromino_i4,
          uniq_jessica
D:3:      layout_basic, uniq_ijyb
D:4:      layout_basic, serial_co_window_serial, co_window_corner_a,
          co_window_corner_a, co_window_corner_a, co_window_cross_1,
          co_window_of_opportunity_a, co_window_corner_b,
          co_window_unsneaky_path_e, co_window_paths_c,
          co_window_of_opportunity_b, co_window_corner_b, co_window_broadway_a,
          co_window_cross_2, glass_columns_b, glass_columns_a, glass_columns_a,
          minmay_a_box_with_orc_wizards_in_it
D:5:      layout_basic, columned_hall_lemuel
D:6:      layout_loops_corners, temple_green, lightli_sewer_entry_pipes,
          minmay_misc_feat_chi, chequers_serial_rivers_large_b

Skill      XL: |  1  2  3  4  5  6  7  8 |
---------------+-------------------------+-----
Stealth        | 1 2 3 5 6 |  6.0
Unarmed Combat | 4 5 |  5.0
Fighting       | 2 3 5 |  5.1
Shields        | 1 3 4 |  4.0
Short Blades   | 1 2 3 |  3.0
Dodging        | 3 |  3.4
Spellcasting   | |  2.0
Transmutations | |  2.0

Action                   |  1- 3 |  4- 6 |  7- 9 || total
-------------------------+-------+-------+-------++-------
Melee: Unarmed           |    71 |    51 |       ||   122
       Constrict         |    16 |    14 |    20 ||    50
       Tentacles         |    11 |    13 |    17 ||    41
       Kick              |    21 |    20 |    16 ||    57
       Punch             |     5 |     5 |     3 ||    13
       Dagger            |       |    34 |    84 ||   118
Throw: Stone             |     6 |    10 |       ||    16
 Cast: Beastly Appendage |    18 |    23 |    14 ||    55
  Use: Scroll            |       |     1 |     7 ||     8
 Stab: Sleeping          |    11 |    10 |    13 ||    34
Armor: Skin              |     3 |     5 |       ||     8
Dodge: Dodged            |    28 |    39 |    21 ||    88
Block: Other             |       |     4 |       ||     4
       Orb               |       |     1 |       ||     1
       Buckler           |       |     2 |    14 ||    16
